 Dungeon Crawl Stone Soup version 0.29.1-15-g9cfb28693d (webtiles) character file.

Game seed: 5313432821998741298

7425 raph the Tainter (level 10, -14/83 HPs)
             Began as a Black Draconian Venom Mage on Apr 21, 2023.
             Was a Priest of Sif Muna.
             Demolished by a death yak (19 damage)
             ... on level 9 of the Dungeon.
             The game lasted 00:21:17 (15597 turns).

raph the Tainter (Black Draconian Venom Mage)      Turns: 15597, Time: 00:21:18

Health: -14/83     AC: 10    Str: 10    XL:     10   Next: 93%
Magic:  28/28      EV: 15    Int: 27    God:    Sif Muna [***...]
Gold:   33         SH:  0    Dex: 18    Spells: 5/21 levels left

rFire   . . .      SeeInvis +   D - +5 mace of the Summoning Coward {flame, *Noise Int+2 SInv}
rCold   . . .      Faith    .   (no shield)
rNeg    . . .      Spirit   .   (body armour unavailable)
rPois   .          Reflect  .   (helmet restricted)
rElec   +          Harm     .   d - scarf {shadows}
rCorr   .          Rampage  .   h - +0 pair of gloves
Will    .....                   z - +1 pair of boots
Stlth   ++........              e - amulet of magic regeneration
HPRegen 0.23/turn               k - ring of magical power
MPRegen 0.61/turn               C - ring of Leistic {Int+5 Dex+6}

@: no status effects
A: breathe lightning, AC +7, unfitting armour, electricity resistance,
cold-blooded
a: Breathe Lightning, Renounce Religion, Channel Magic, Forget Spell


You were on level 9 of the Dungeon.
You worshipped Sif Muna.
Sif Muna was most pleased with you.
You visited 3 branches of the dungeon, and saw 11 of its levels.

You collected 545 gold pieces.
You spent 512 gold pieces at shops.

Inventory:

Hand Weapons
 b - a +1 mace of freezing
 D - the +5 mace of the Summoning Coward (weapon) {flame, *Noise Int+2 SInv}
   (You found it on level 6 of the Dungeon)

   It burns those it strikes, dealing additional fire damage.
   Int:       It affects your intelligence (+2).
   SInv:      It lets you see invisible.
   *Noise:    It may make noises in combat.
 F - a +0 morningstar
Missiles
 j - 3 boomerangs of dispersal
Armour
 d - a scarf of shadows (worn)
 h - a +0 pair of gloves (worn)
 z - a +1 pair of boots (worn)
Magical Staves
 o - a staff of cold
Jewellery
 e - an amulet of magic regeneration (around neck)
 k - a ring of magical power (left hand)
 q - an amulet of reflection
 t - a ring of willpower
 u - a +6 ring of intelligence
 x - a ring of resist corrosion
 A - a ring of see invisible
 B - an amulet of regeneration
 C - the ring of Leistic (right hand) {Int+5 Dex+6}
   (You found it on level 6 of the Dungeon)

   [ring of dexterity]

   Int:       It affects your intelligence (+5).
   Dex:       It affects your dexterity (+6).
 G - a ring of flight
Wands
 m - a wand of charming (7)
 p - a wand of iceblast (22)
Scrolls
 v - 2 scrolls of magic mapping
 y - a scroll of fear
Potions
 a - 3 potions of magic
 f - 2 potions of attraction
 g - 5 potions of mutation
 l - a potion of haste
 n - a potion of lignification
 r - 2 potions of ambrosia
 s - 3 potions of curing
 E - a potion of flight {unknown}
 H - a potion of brilliance {unknown}


   Skills:
 + Level 6.1 Fighting
 + Level 5.4 Dodging
 - Level 1.7 Stealth
 + Level 6.0 Spellcasting
 - Level 8.2 Conjurations
 - Level 1.0 Transmutations
 - Level 3.2 Air Magic
 + Level 10.1 Poison Magic
 + Level 3.5 Invocations


You had 5 spell levels left.
You knew the following spells:

 Your Spells              Type           Power      Damage    Failure   Level
a - Sting                 Tmut/Pois      100%       1d8       1%          1
b - Poisonous Vapours     Pois/Air       88%        N/A       1%          2
c - Mephitic Cloud        Conj/Pois/Air  46%        N/A       1%          3
d - Olgreb's Toxic Radia  Pois           58%        N/A       1%          4
e - Spider Form           Tmut/Pois      38%        N/A       1%          3
f - Ozocubu's Armour      Ice            8%         N/A       19%         3

Your spell library contained the following spells:

 Spells                   Type           Power      Damage    Failure   Level
 Dazzling Flash           Conj/Hex       60%        N/A       3%          3
 Ensorcelled Hibernation  Hex/Ice        16%        N/A       10%         2
 Anguish                  Hex/Necr       4%         N/A       54%         4
 Cause Fear               Hex            4%         N/A       54%         4
 Summon Ice Beast         Ice/Summ       8%         N/A       54%         4
 Silence                  Hex/Air        8%         N/A       67%         5
 Agony                    Necr           8%         N/A       87%         5
 Metabolic Englaciation   Hex/Ice        4%         N/A       87%         5
 Summon Mana Viper        Hex/Summ       8%         N/A       87%         5
 Simulacrum               Ice/Necr       4%         N/A       100%        6
 Dragon Form              Tmut           6%         N/A       100%        7
 Monstrous Menagerie      Summ           4%         N/A       100%        7
 Dragon's Call            Summ           4%         N/A       100%        9


Dungeon Overview and Level Annotations

Branches:
Dungeon (9/15)             Temple (1/1) D:5            Lair (1/5) D:9
    Orc: D:9-12

Altars:
Ashenzari
Cheibriados
Dithmenos
Elyvilon
Fedhas
Gozag
Hepliaklqana
Kikubaaqudgha
Makhleb
Nemelex Xobeh
Okawaru
Qazlal
Ru
Sif Muna
Trog
Uskayaw
Vehumet
Wu Jian
Xom
Yredelemnul
Zin
The Shining One

Shops:
D:9 *


Innate Abilities, Weirdness & Mutations

You can breathe wild blasts of lightning.
Your glossy black scales are hard. (AC +7)
You cannot fit into any form of body armour.
You are resistant to electric shocks. (rElec)
You are cold-blooded and may be slowed by cold attacks.


Message History

You climb upwards.
Welcome back to the Dungeon!
There is a staircase to the Lair here.
You hit the death yak but do no damage.
The death yak is heavily wounded.
The death yak closely misses you.
You hit the death yak but do no damage.
Your mace of the Summoning Coward whistles innocently.
The death yak is heavily wounded.
The death yak gores you but does no damage.
You hit the death yak. You burn the death yak.
You tail-slap the death yak, but do no damage.
The death yak is heavily wounded.
The death yak closely misses you. The death yak misses you.
You hit the death yak. You burn the death yak.
Your tail-slap misses the death yak.
The death yak is severely wounded.
The death yak completely misses you.
You hit the death yak. You burn the death yak.
The death yak is severely wounded.
The death yak gores you! The death yak barely misses you.
You hit the death yak. You burn the death yak.
You tail-slap the death yak, but do no damage.
The death yak is severely wounded.
The death yak gores you!!
* * * LOW HITPOINT WARNING * * *
The death yak attacks as you move away! The death yak gores you!
* * * LOW HITPOINT WARNING * * *
You see here 6 stones.
You feel much better. The death yak gores you!!
* * * LOW HITPOINT WARNING * * *
The death yak attacks as you move away! The death yak gores you.
* * * LOW HITPOINT WARNING * * *
The death yak attacks as you move away!
The death yak gores you but does no damage.
You see here a yak skeleton.
You see here a yak skeleton.
The death yak attacks as you move away! The death yak gores you.
* * * LOW HITPOINT WARNING * * *
The death yak attacks as you move away! The death yak gores you!!
You die...

.#................#
.#................#
.##.....#......)..#
..................# ###########
.............)<)..# #.......>.#
......)[[...).)...# #.........#
#........##.#..#### #..(......#
...#....###.##.#######.........#
####..#####.##.#@Y.÷÷..........#
#................#####...###.###
.........#####.### #..##≈#'#≈#
........## ### # ##.##_..._#
#.#....## ## #8# #.########
..#....## ##8. ...8##.#
........####.. ....##.#
..........#>.. ...._#.#
..........##. ....####


You could see a death yak (poisoned).

Vanquished Creatures
  A boulder beetle (D:8)
  Pikel (D:4)
  Sigmund (D:4)
  11 yaks (D:9)
  A steam dragon (D:9)
  A water moccasin (D:8)
  Duvessa (D:4)
  2 ice beasts
  2 orc warriors
  A black bear (D:4)
  An ogre (D:5)
  A lemure (D:3)
  3 centaurs
  A phantom (D:6)
  2 kobold brigands (D:7)
  7 bullfrogs
  A gnoll sergeant (D:6)
  7 scorpions
  A necrophage (D:5)
  15 wights
  Dowan (D:4)
  4 killer bees (D:9)
  9 howler monkeys
  3 gnoll boudas
  2 hounds
  4 orc priests
  6 iguanas
  5 orc wizards
  Robin (D:2)
  25 gnolls
  7 adders
  An ufetubus (D:5)
  A worm (D:3)
  2 dart slugs
  29 orcs
  8 ball pythons
  2 endoplasms
  4 giant cockroaches
  14 goblins
  8 hobgoblins
  6 quokkas
  6 bats
  4 frilled lizards
  12 kobolds
  3 rats
228 creatures vanquished.

Vanquished Creatures (others)
  3 fungi
  5 toadstools (D:6)
8 creatures vanquished.

Grand Total: 236 creatures vanquished

Notes
Turn   | Place    | Note
-------+----------+-------------------------------------------
     0 | D:1      | raph the Draconian Venom Mage began the quest for the Orb.
     0 | D:1      | Reached XP level 1. HP: 14/14 MP: 3/3
   264 | D:1      | Reached XP level 2. HP: 13/20 MP: 3/5
   490 | D:1      | Learned a level 2 spell: Poisonous Vapours
   529 | D:1      | Found a faded altar of an unknown god.
  1012 | D:1      | Reached skill level 4 in Poison Magic
  1438 | D:2      | Reached XP level 3. HP: 25/26 MP: 6/6
  1443 | D:2      | Learned a level 3 spell: Mephitic Cloud
  1600 | D:2      | Noticed Robin
  1641 | D:2      | Killed Robin
  1642 | D:2      | Reached skill level 1 in Conjurations
  2122 | D:3      | Reached XP level 4. HP: 15/33 MP: 7/7
  2767 | D:3      | Reached skill level 5 in Poison Magic
  2779 | D:3      | Reached XP level 5. HP: 30/38 MP: 5/8
  3827 | D:2      | Found a stormy altar of Qazlal.
  4453 | D:2      | Found a stormy altar of Qazlal.
  5159 | D:4      | Found an ornate altar of the Wu Jian Council.
  5168 | D:4      | Identified the +2 whip "Zaneum" {distort, +Blink rCorr
                  | Int-2 Dex+3}
  5206 | D:4      | Noticed a lemure
  5245 | D:3      | Killed a lemure
  5654 | D:4      | Noticed Duvessa
  5670 | D:4      | Noticed Dowan
  5677 | D:4      | Killed Duvessa
  5678 | D:4      | Reached XP level 6. HP: 36/45 MP: 3/9
  5895 | D:4      | Killed Dowan
  5896 | D:4      | Reached skill level 6 in Poison Magic
  6600 | D:4      | Noticed Pikel
  6601 | D:4      | Your scales start taking on a glossy black colour.
  6601 | D:4      | Reached XP level 7. HP: 47/50 MP: 10/10
  6601 | D:4      | Gained mutation: You are resistant to electric shocks.
                  | (rElec) [Black Draconian growth]
  6618 | D:4      | Killed Pikel
  6619 | D:4      | Reached skill level 7 in Poison Magic
  6619 | D:4      | Reached XP level 8. HP: 17/57 MP: 6/11
  6831 | D:4      | Learned a level 4 spell: Olgreb's Toxic Radiance
  6854 | D:4      | Noticed Sigmund
  6870 | D:4      | Killed Sigmund
  6871 | D:4      | Reached skill level 1 in Air Magic
  7303 | D:5      | Entered Level 5 of the Dungeon
  7316 | D:5      | Identified the +6 hand axe "Leviticus" {antimagic, Str+4}
  7485 | D:5      | Reached skill level 8 in Poison Magic
  8586 | D:5      | Found a staircase to the Ecumenical Temple.
  8594 | Temple   | Entered the Ecumenical Temple
  8800 | Temple   | Became a worshipper of Sif Muna the Loreminder
  9350 | D:6      | Found an iron altar of Okawaru.
  9361 | D:6      | Reached skill level 1 in Fighting
  9594 | D:6      | Identified the +5 mace of the Summoning Coward {flame,
                  | *Noise Int+2 SInv}
  9828 | D:6      | Identified the ring of Leistic {Int+5 Dex+6}
  9925 | D:6      | Reached XP level 9. HP: 53/67 MP: 11/14
 10619 | D:7      | Reached * piety under Sif Muna
 11827 | D:8      | Learned a level 3 spell: Spider Form
 11831 | D:8      | Learned a level 3 spell: Ozocubu's Armour
 11840 | D:8      | Reached skill level 9 in Poison Magic
 12417 | D:8      | Reached ** piety under Sif Muna
 12863 | D:8      | Noticed a boulder beetle
 12881 | D:8      | Killed a boulder beetle
 12882 | D:8      | Reached skill level 5 in Spellcasting
 12882 | D:8      | Reached XP level 10. HP: 62/80 MP: 17/17
 13008 | D:8      | Found a radiant altar of Vehumet.
 13051 | D:8      | Found an opulent altar of Gozag.
 14022 | D:8      | Reached skill level 5 in Fighting
 14022 | D:8      | Reached skill level 1 in Invocations
 14398 | D:8      | Found a blossoming altar of Fedhas.
 14516 | D:9      | Reached skill level 5 in Dodging
 14781 | D:9      | Found an ancient bone altar of Kikubaaqudgha.
 14845 | D:9      | Found a white marble altar of Elyvilon.
 14928 | D:9      | Found a bloodstained altar of Trog.
 15022 | D:9      | Reached *** piety under Sif Muna
 15115 | D:9      | Found Sjeto's Superlative Supplies.
 15121 | D:9      | Bought a book of the Senses for 512 gold pieces
 15152 | D:9      | Reached skill level 10 in Poison Magic
 15517 | D:9      | Found a staircase to the Lair.
 15529 | D:9      | Found a broken altar of Ashenzari.
 15529 | D:9      | Found a glowing silver altar of Zin.
 15539 | D:9      | Found a stormy altar of Qazlal.
 15555 | Lair:1   | Entered Level 1 of the Lair of Beasts
 15562 | Lair:1   | Noticed a death yak
 15563 | Lair:1   | Noticed a death yak
 15565 | Lair:1   | Noticed an elephant
 15565 | Lair:1   | Noticed a death yak
 15584 | D:9      | HP: 4/83 [death yak (15)]
 15597 | D:9      | Demolished by a death yak

Illustrated notes

Levels and vault maps discovered:
D:1:      sevenhm_arrival_forest_fort_small_1, layout_basic,
          shapermc_ecumenical_altar_pompeii, reono_crystal_passage
D:2:      layout_basic, basic_altar, uniq_robin
D:3:      layout_loops_ring
D:4:      layout_basic, mainiacjoe_overflow_catwalk,
          corexii_item_surrounded_by_moat, uniq_sigmund, uniq_duvessa,
          uniq_pikel
D:5:      layout_layer_cave, lemuel_temple_firewalk_b
D:6:      nicolae_whirlpool, layout_basic, nicolae_overflow_crystal_walls,
          minmay_gold_behind_fungi
D:7:      layout_loops_ring
D:8:      layout_loops_ring, mainiacjoe_overflow_alcove_2,
          mainiacjoe_overflow_large_starburst, small_statue_intersection
D:9:      layout_rooms, elyvilon_altar_1, mainiacjoe_overflow_surrounded_room,
          nicolae_overflow_hidden_temple, trog_butcher_becter,
          gammafunk_temple_overflow_elements, nicolae_alphabet_shops
Temple:   minmay_temple_curvy_loop
Lair:1:   layout_cave_pods, kennysheep_rathole

Skill      XL: |  1  2  3  4  5  6  7  8  9 10 |
---------------+-------------------------------+-----
Poison Magic   | 4 5 6 7 8 9 10 | 10.1
Conjurations   | 1 2 3 4 6 7 8 |  8.2
Air Magic      | 3 |  3.2
Fighting       | 1 4 6 |  6.1
Dodging        | 2 4 5 |  5.4
Spellcasting   | 3 5 6 |  6.0
Invocations    | 3 |  3.5
Stealth        | |  1.7
Transmutations | |  1.0

Action                   |  1- 3 |  4- 6 |  7- 9 | 10-12 || total
-------------------------+-------+-------+-------+-------++-------
Melee: Mace              |    15 |    53 |   161 |    91 ||   320
       Tailslap          |     1 |     6 |    22 |    10 ||    39
       Punch             |       |     1 |     1 |     3 ||     5
 Cast: Sting             |    46 |    68 |    29 |    12 ||   155
       Poisonous Vapours |    23 |    74 |    33 |       ||   130
       Mephitic Cloud    |     2 |     4 |    17 |     4 ||    27
       Olgreb's Toxic Ra |       |       |    45 |    33 ||    78
       Ozocubu's Armour  |       |       |     5 |     4 ||     9
 Abil: Breathe Lightning |       |       |     3 |     1 ||     4
Evoke: Wand              |       |       |     5 |     5 ||    10
  Use: Scroll            |     5 |     6 |     7 |     2 ||    20
       Potion            |       |       |     2 |     1 ||     3
 Stab: Confused          |       |       |     2 |     1 ||     3
Armor: Skin              |    30 |    39 |    81 |    36 ||   186
Dodge: Dodged            |    47 |    75 |   182 |    77 ||   381
